 Dungeon Crawl Stone Soup version 0.31-a0-365-gcf821cafb2 (webtiles) character file.

Game seed: 2772561211464518758

317 hashsling the Cudgeller (level 6, -4/40 HPs)
             Began as a Gargoyle Fighter on July 27, 2023.
             Was an Initiate of Okawaru.
             Splashed by a jelly's acid (10 damage)
             ... on level 4 of the Dungeon.
             The game lasted 00:06:01 (2349 turns).

hashsling the Cudgeller (Gargoyle Fighter)          Turns: 2349, Time: 00:06:02

Health: -4/40      AC: 16    Str: 22    XL:     6   Next: 45%
Magic:  6/6        EV:  6    Int:  8    God:    Okawaru [......]
Gold:   235        SH:  4    Dex:  9    Spells: 5/5 levels left

rFire   . . .        a - +0 flail
rCold   . . .        c - +0 buckler
rNeg    + . .        e - +0 plate armour
rPois   ∞            (no helmet)
rElec   +            o - scarf {repulsion}
rCorr   .            (no gloves)
SInv    .            (no boots)
Will    .....        (no amulet) Stlth
                     (no ring)
HPRegen 0.26/turn    (no ring)
MPRegen 0.10/turn

%: repel missiles
@: no status effects
A: sickness immunity, AC +4, negative energy resistance 1, electricity
resistance, torment resistance 1, petrification resistance
a: Renounce Religion


You were on level 4 of the Dungeon.
You worshipped Okawaru.
Okawaru was noncommittal.
You visited 1 branch of the dungeon, and saw 4 of its levels.

You collected 235 gold pieces.

Inventory:

Hand Weapons
 a - a +0 flail (weapon)
Missiles
 w - 5 poisoned darts
 x - 6 curare-tipped darts
Armour
 b - a +0 scale mail
 c - a +0 buckler (worn)
 e - a +0 plate armour (worn)
 o - a scarf of repulsion (worn)
 v - a +0 chain mail
Magical Staves
 y - a staff of earth
Jewellery
 n - a ring of ice
Scrolls
 f - 3 scrolls of enchant weapon {unknown}
 g - 2 scrolls of enchant armour {unknown}
 h - 3 scrolls of identify {unknown}
 i - 2 scrolls of teleportation {unknown}
 p - a scroll of torment {unknown}
 r - a scroll of amnesia {unknown}
 s - 2 scrolls of fear {unknown}
 u - a scroll of vulnerability {unknown}
Potions
 d - a potion of might
 j - a potion of attraction {unknown}
 k - 3 potions of curing {unknown}
 l - 2 potions of enlightenment {unknown}
 m - a potion of cancellation {unknown}
 q - a potion of heal wounds {unknown}
 t - a potion of resistance {unknown}
 z - a potion of berserk rage {unknown}


   Skills:
 + Level 4.9 Fighting
 * Level 5.2 Maces & Flails
 - Level 4.0 Armour
 - Level 3.2 Shields


You had 5 spell levels left.
You didn't know any spells.
Your spell library contained the following spells:

 Spells                   Type           Power      Damage    Failure   Level
 Static Discharge         Conj/Air       0%         2-2/arc   100%        2
 Ozocubu's Armour         Ice            0%         N/A       100%        3
 Airstrike                Air            0%         2d(0-16)  100%        4
 Petrify                  Tmut/Erth      0%         N/A       100%        4
 Irradiate                Conj/Tmut      0%         3d11      100%        5
 Metabolic Englaciation   Hex/Ice        0%         N/A       100%        5
 Sublimation of Blood     Necr           Unusable   N/A       N/A         2
 Summon Lightning Spire   Summ/Air       Unusable   N/A       N/A         4
 Simulacrum               Ice/Necr       Unusable   N/A       N/A         6

Dungeon Overview and Level Annotations

Branches:
Dungeon (4/15)
 Temple: D:4-7

Altars:
Hepliaklqana
Kikubaaqudgha
Okawaru
Uskayaw


Innate Abilities, Weirdness & Mutations

You are immune to sickness and miasma.
Your stone body is resilient. (AC +4)
You are immune to poison.
You resist negative energy. (rN+)
You are resistant to electric shocks. (rElec)
You are resistant to unholy torment.
You are immune to petrification.


Message History

You hit the gnoll.
The gnoll is almost dead.
The adder bites you but does no damage. The gnoll hits you but does no damage.
A jelly comes into view.
The gnoll hits you with a +0 whip! The adder bites you but does no damage.
You completely miss the gnoll.
The gnoll is almost dead.
The jelly quivers.
The kobold hits you but does no damage. The gnoll hits you but does no damage.
You block the adder's attack. The gnoll hits you with a +0 whip.
* * * LOW HITPOINT WARNING * * *
You sock the gnoll!
You kill the gnoll!
Okawaru accepts your kill. The adder bites you but does no damage.
The kobold hits you but does no damage. The gnoll hits you but does no damage.
The adder barely misses you. The gnoll hits you but does no damage.
The kobold barely misses you.
You hit the gnoll.
The gnoll is lightly wounded.
The adder bites you but does no damage. You block the kobold's attack.
The gnoll hits you but does no damage.
You barely miss the gnoll.
The gnoll is lightly wounded.
The adder barely misses you. The adder bites you but does no damage.
The kobold hits you but does no damage. The gnoll hits you with a +0 whip.
* * * LOW HITPOINT WARNING * * *
You sock the gnoll!
The gnoll is almost dead.
The adder bites you but does no damage. The kobold hits you but does no damage.
The gnoll hits you but does no damage.
You barely miss the gnoll.
The gnoll is almost dead.
The adder bites you but does no damage. You block the kobold's attack.
The gnoll hits you with a +0 whip.
* * * LOW HITPOINT WARNING * * *
You block the adder's attack. The jelly attacks as you move away!
The jelly hits you.
* * * LOW HITPOINT WARNING * * *
You are splashed with acid!
You die...

.# ##......#
..........#####......##
......................#
...............#....##
..............##..##
#............#)...#
###...............##
.#...gJK........#.....#
....##@........##......
...)..S...#....###......
......#.#.#....# #......
.##............# #......
.........$.....# ......
............#...).......
....#...............
....#.....$.........
.....#.##..........


You could see a jelly, a gnoll, an adder and a kobold.

Vanquished Creatures
  An ogre (D:4)
  A scorpion (D:4)
  A jelly (D:4)
  An orc priest (D:3)
  A gnoll (D:4)
  2 adders (D:2)
  A worm (D:2)
  3 dart slugs
  4 orcs
  8 endoplasms
  3 giant cockroaches
  9 goblins
  6 hobgoblins
  6 quokkas
  5 ball pythons
  9 bats
  3 frilled lizards
  9 kobolds
  4 rats
77 creatures vanquished.

Notes
Turn   | Place    | Note
-------+----------+-------------------------------------------
     0 | D:1      | hashsling the Gargoyle Fighter began the quest for the Orb.
     0 | D:1      | Reached XP level 1. HP: 14/14 MP: 1/1
   123 | D:1      | Reached XP level 2. HP: 9/19 MP: 2/2
   373 | D:1      | Found a faded altar of an unknown god.
   390 | D:1      | You fall into a shaft and drop 1 floor!
   470 | D:2      | Reached XP level 3. HP: 11/23 MP: 3/3
  1090 | D:2      | Reached skill level 3 in Maces & Flails
  1374 | D:2      | Reached XP level 4. HP: 28/29 MP: 4/4
  1600 | D:3      | Found a hazy altar of Hepliaklqana.
  1601 | D:3      | Found a hide-covered altar of Uskayaw.
  1601 | D:3      | Found an iron altar of Okawaru.
  1608 | D:3      | Became a worshipper of Warmaster Okawaru
  1946 | D:3      | Reached skill level 4 in Maces & Flails
  1946 | D:3      | Reached XP level 5. HP: 29/33 MP: 5/5
  1964 | D:3      | Found an ancient bone altar of Kikubaaqudgha.
  2164 | D:4      | Noticed an ogre
  2175 | D:4      | Killed an ogre
  2229 | D:4      | Reached skill level 5 in Maces & Flails
  2229 | D:4      | Reached XP level 6. HP: 34/40 MP: 6/6
  2349 | D:4      | Splashed by a jelly's acid

Illustrated notes

Levels and vault maps discovered:
D:1:      minmay_arrival_glassed_features, layout_basic, basic_ecumenical_altar,
          nicolae_titane
D:2:      layout_rooms
D:3:      layout_rooms, chequers_temple_overflow_statue_of_worship,
          mainiacjoe_overflow_alcove_4, minmay_starry_boxes
D:4:      layout_cave_pools, minmay_a_box_with_orc_wizards_in_it, uniq_pikel

Skill      XL: |  1  2  3  4  5 |
---------------+----------------+-----
Armour         | 4 |  4.0
Maces & Flails | 3 4 5 |  5.2
Fighting       | 4 |  4.9
Shields        | |  3.2

Action                     |  1- 3 |  4- 6 || total
---------------------------+-------+-------++-------
  Melee: Flail             |   165 |   114 ||   279
 Armour: Scale mail        |    23 |       ||    23
         Plate armour      |   125 |   102 ||   227
  Dodge: Dodged            |    55 |    37 ||    92
  Block: Buckler           |    53 |    21 ||    74

Table legend: (Time is in decaauts)
 A = Elapsed time spent in this place.
 B = Non-inter-level travel time spent in this place.
 C = Inter-level travel time spent in this place.
 D = Time resting spent in this place.
 E = Time spent auto-exploring this place.
 F = Levels seen in this place.
 G = Mean time per level.
                   A        B        C        D        E       F      G
               +--------+--------+--------+--------+--------+-----+--------+
         Total |   2424 |   2383 |     41 |     40 |   1620 |   4 |  606.0 |
       Dungeon |   2424 |   2383 |     41 |     40 |   1620 |   4 |  606.0 |
               +--------+--------+--------+--------+--------+-----+--------+

Top non-repeatable levels by time:
     D:1: 999 daAuts
     D:3: 669 daAuts
     D:2: 552 daAuts
     D:4: 203 daAuts
